 Dungeon Crawl Stone Soup version 0.14-a0-1097-gc7db7fc (webtiles) character file.

112454 Psiweapon the Unseen (level 16, -14/132 (134) HPs)
             Began as a Deep Dwarf Necromancer on Nov 25, 2013.
             Was a High Priest of Makhleb.
             Demolished by a titanic slime creature (30 damage)
             ... on Level 4 of the Swamp on Nov 27, 2013.
             The game lasted 07:21:41 (42824 turns).

Psiweapon the Unseen (Deep Dwarf Necromancer)      Turns: 42824, Time: 07:21:41

HP -14/132 (134) AC 10     Str 14      XL: 16   Next:  8%
MP  32/32        EV 20     Int 26      God: Makhleb [*****.]
Gold 1612        SH  9     Dex 12 (13) Spells:  8 memorised, 11 levels left

rFire  + . .     SeeInvis .     B - +3,+2 elf long sword (holy)
rCold  + . .     Clarity  .     N - +0 leather armour {rC+}
rNeg   + . .     Conserve +     C - -1 elf buckler
rPois  .         rCorr    .     S - +2 wizard hat {Int+3}
rElec  .         rRot     .     x - +0 cloak
SustAb . .       Spirit   .     (no gloves)
rMut   .         Warding  .     V - +2 pair of dwarf boots {Jump}
Saprov . . .     Stasis   .     g - amulet of conservation
                                y - ring of protection from fire
                                a - +5 ring of evasion

@: non-regenerating, very resistant to hostile enchantments, quite stealthy
A: damage resistance, recharge devices, horns 1, repulsion field 1, clever 1,
life protection 1, sense surroundings 2, slow healing 3, slow metabolism 1
a: Device Recharging, Minor Destruction, Lesser Servant of Makhleb, Major
Destruction, Greater Servant of Makhleb, Renounce Religion, Evoke Jump Attack


You were on level 4 of the Swamp.
You worshipped Makhleb.
Makhleb was extremely pleased with you.
You were not hungry.

You visited 6 branches of the dungeon, and saw 35 of its levels.

You collected 3125 gold pieces.
You spent 1513 gold pieces at shops.

Inventory:

Hand weapons
 i - a +2,+4 sabre of electrocution
 B - a +3,+2 elven long sword of holy wrath (weapon)
 I - a +2,+2 whip of freezing
 R - a +6,+2 dwarven dagger of venom
 U - a +2,+2 flail of protection
Armour
 t - a +0 pair of gauntlets
 x - a +0 cloak (worn)
 C - a -1 elven buckler (worn)
 N - a +0 leather armour of cold resistance (worn)
 S - a +2 wizard hat of intelligence (worn)
 V - a +2 pair of dwarven boots of jumping (worn)
Magical devices
 c - a wand of heal wounds (1)
 A - a wand of fire (5)
 G - a wand of enslavement (13)
 J - a wand of draining (0)
 K - a wand of polymorph (2)
 Y - a wand of disintegration (9)
Comestibles
 d - 9 bread rations
Scrolls
 b - 2 scrolls of fog
 u - a scroll of fear
 v - 6 scrolls of remove curse
 D - 2 scrolls of identify
 H - a scroll of teleportation
 L - 3 scrolls of immolation
 M - 2 scrolls of blinking
Jewellery
 a - a +5 ring of evasion (left hand)
 f - an uncursed ring of positive energy
 g - an amulet of conservation (around neck)
 h - a +5 ring of evasion
 j - an uncursed ring of flight
 l - the amulet "Ocaymn" {Gourm +Rage rF+ Dam+1}
   (You found it on level 13 of the Dungeon)

   [amulet of the gourmand]

   It affects your damage-dealing abilities (+1).
   It protects you from fire.
   It lets you go berserk.
 m - an uncursed amulet of warding
 p - the ring of Jeaps {rF+ rC- Stlth++}
   (You found it on level 8 of the Lair of Beasts)

   [ring of protection from fire]

   It makes you vulnerable to cold.
   It makes you much more stealthy.
 y - a ring of protection from fire (right hand)
 T - an uncursed ring of see invisible
 X - the amulet "Othruoza" {rCorr rN+}
   (You acquired it on level 4 of the Swamp)

   [amulet of resist corrosion]

   It protects you from negative energy.
 Z - an uncursed ring of protection from cold
Potions
 e - a potion of restore abilities
 k - 4 potions of might
 o - 2 potions of resistance
 q - a potion of invisibility
 r - 2 potions of speed
 E - a potion of agility
 F - 4 potions of curing
 O - a potion of flight
 Q - a potion of brilliance
Miscellaneous
 s - a sack of spiders
 w - a lamp of fire
 z - a phial of floods
 P - a lantern of shadows
Rods
 n - a +2 rod of warding (14/14)
   (You found it on level 8 of the Lair of Beasts)
 W - a +1 rod of fiery destruction (12/12)
   (You found it on level 5 of the Lair of Beasts)


   Skills:
 - Level 8.2 Fighting
 - Level 8.4 Short Blades
 + Level 6.2 Long Blades
 - Level 7.0 Maces & Flails
 - Level 5.2 Armour
 - Level 6.1 Dodging
 + Level 18.3 Stealth
 - Level 5.3 Shields
 - Level 9.4 Spellcasting
 - Level 10.0 Necromancy
 - Level 6.1 Transmutations
 - Level 13.0 Invocations
 + Level 5.5 Evocations


You had 11 spell levels left.
You knew the following spells:

 Your Spells              Type           Power        Failure   Level  Hunger
a - Pain                  Necr           ####         1%          1    None
b - Vampiric Draining     Necr           ######....   1%          3    None
c - Animate Skeleton      Necr           N/A          1%          1    None
d - Control Undead        Necr           ######....   1%          4    #......
e - Animate Dead          Necr           N/A          1%          4    #......
f - Sublimation of Blood  Necr           ######....   1%          2    None
g - Alistair's Intoxicat  Trmt/Pois      ####....     17%         4    #......
h - Mephitic Cloud        Conj/Pois/Air  ##......     17%         3    None


Dungeon Overview and Level Annotations

Branches:
Dungeon (16/16)            Temple (1/1) D:6             Orc (4/4) D:9
    Elf (2/3) Orc:4          Lair (8/8) D:9           Swamp (4/5) Lair:3
  Snake (0/5) Lair:6        Slime (0/6) Lair:6
 Vaults: D:14-15     Depths: D:16

Altars:
Ashenzari
Cheibriados
Elyvilon
Fedhas
Kikubaaqudgha
Makhleb
Nemelex Xobeh
Okawaru
Sif Muna
Trog
Vehumet
Xom
Yredelemnul
Zin
the Shining One
Beogh

Shops:
Orc:4 ?*=(   Elf:1 *

Annotations:
D:6 exclusion: statue
D:9 exclusions: big fish, electric eel and 2 more exclusions
D:13 Nessos
Elf:1 exclusion: statue
Lair:6 1 exclusion
Swamp:2 1 exclusion
Swamp:3 exclusion: skeleton


Innate Abilities, Weirdness & Mutations

You are resistant to damage.
You can recharge devices by infusing magical energy.
You resist negative energy.
You passively map the area around you.
You do not heal naturally.
You have a pair of small horns on your head.
You are surrounded by a mild repulsion field (EV +2).
Your mind is acute. (Int +2)
You have a slow metabolism.


Message History

You block the slime creature's attack.
Two slime creatures merge to form a very large slime creature.
The slime creature is engulfed in a cloud of scalding steam.
The slime creature hits you.
You enter the shallow water.
Moving in this stuff is going to be slow.
Your ugly thing zombie hits the slime creature.
Two slime creatures merge to form an enormous slime creature.
The slime creature is engulfed in a cloud of scalding steam.
Two slime creatures merge to form a titanic slime creature.
Your ugly thing zombie splashes around in the water.
Your ugly thing zombie splashes around in the water.
Your ugly thing zombie hits the titanic slime creature!
You enter the shallow water.
Moving in this stuff is going to be slow.
The titanic slime creature hits you!
Ouch! That really hurt!
* * * LOW HITPOINT WARNING * * *
The titanic slime creature hits you!
You die...

..≈♣ ..≈≈....≈≈.≈♣≈≈≈≈≈≈. ≈≈
..≈♣ ≈≈♣≈.(..§≈≈.♣≈≈≈≈≈.≈≈ *
♣..♣♣, ♣♣♣≈.≈..§♣.≈≈≈≈♣♣ ≈
≈.≈.♣♣≈ ...§≈≈≈.♣.≈≈§.♣
≈≈≈≈≈♣* ≈≈≈≈≈≈≈≈.≈≈≈≈.♣
.≈≈≈.♣♣♣ ≈≈≈≈≈≈≈z.....♣♣♣≈
,≈
♣♣♣≈≈..♣♣.≈≈≈.≈≈≈≈≈≈≈≈.≈.[
≈♣♣....≈.≈≈≈≈.≈≈J≈≈≈≈≈≈§.≈≈
*
.♣♣♣≈≈≈..≈§...≈.@≈.≈≈≈≈♣♣.≈,
♣♣♣♣≈......♣≈..♣♣.≈≈≈≈.♣ * *
♣.≈≈≈≈.♣♣♣♣≈♣♣♣≈≈≈≈≈.♣♣
♣♣♣.≈§≈≈≈.♣♣♣≈♣..≈≈≈≈≈≈.♣
≈≈.≈≈≈≈≈≈/♣♣...≈.≈≈≈≈≈≈.♣
≈≈.v≈≈...≈♣♣..≈≈.≈≈≈≈≈..♣
.≈.≈≈.♣♣♣♣≈≈≈≈≈.P≈≈≈≈.≈≈≈*
.≈§.♣♣♣ ♣.≈≈≈≈..≈≈≈≈≈≈≈≈,
...≈≈.♣ ♣≈...≈♣≈≈≈≈≈≈≈≈≈


You could see a titanic slime creature and a friendly ugly thing zombie.

Vanquished Creatures
  2 deep elf sorcerers (Elf:1)
  Snorg (Swamp:3)
  An ettin (Orc:4)
  A vault guard (D:15)
  The ghost of Duskembrace the Brawler, a powerful TrMo of Makhleb (D:12)
  Fannar (D:14)
  5 hydras
  Harold (Lair:5)
  Josephine (D:13)
  An anaconda (shapeshifter) (Elf:1)
  3 centaur warriors
  4 alligators
  Urug (D:14)
  3 orc high priests (Orc:4)
  The ghost of miro the Thaumaturge, a powerful DEWz of Vehumet (Lair:2)
  A death yak (Lair:8)
  A very ugly thing (Swamp:4)
  6 deep elf knights (Elf:1)
  2 unseen horrors
  2 hill giants
  Pikel (D:4)
  5 orc knights
  Joseph (Orc:3)
  A wolf spider zombie (D:15)
  5 deep elf conjurers (Elf:1)
  A wolf spider (D:15)
  A cyclops (D:11)
  19 elephants
  2 octopodes (D:15)
  A deep elf summoner (Elf:1)
  A queen ant (Lair:2)
  8 black mambas
  An item mimic (Lair:3)
  An elf (Orc:4)
  2 feature mimics
  10 spiny frogs
  A fire drake (Lair:8)
  4 hellwings
  Grinder (D:4)
  4 deep elf priests (Elf:1)
  7 komodo dragons
  7 giant leeches
  4 bog bodies
  4 trolls
  5 basilisks
  A hydra skeleton (D:13)
  30 blink frogs
  2 baby alligators (Swamp:3)
  2 ravens
  A boulder beetle (Lair:5)
  A trapdoor spider (Lair:4)
  10 slime creatures
  A grizzly bear (Lair:7)
  2 hill giant zombies
  7 ugly things
  8 deep elf magi (Elf:1)
  An elf zombie (Elf:1)
  A hungry ghost (D:15)
  2 elephant slugs
  A wraith (D:12)
  A water elemental (D:15)
  A shark (D:15)
  2 wyverns
  5 vampire mosquitoes (Swamp:3)
  4 deep elf fighters (Elf:1)
  A vampire (D:14)
  44 yaks
  5 hippogriffs
  A human (D:15)
  17 wolves
  5 swamp drakes
  19 swamp worms
  Menkaure (D:4)
  3 manticores
  9 soldier ants
  2 hell hounds (Lair:8)
  14 orc warriors
  2 necrophages
  2 sky beasts (D:10)
  3 slaves (D:4)
  9 porcupines
  A boring beetle (Lair:8)
  3 electric eels
  6 giant goldfish
  9 ogres
  8 crocodiles
  20 centaurs
  4 ice beasts
  A phantom (D:12)
  A fire drake zombie (Lair:8)
  5 giant slugs
  5 wargs
  9 insubstantial wisps (Swamp:4)
  14 giant frogs
  A big kobold (D:14)
  A komodo dragon skeleton (D:13)
  18 water moccasins
  7 agate snails
  A troll zombie (D:11)
  3 jellyfish
  8 wights
  11 killer bees
  A yak skeleton (D:13)
  12 crimson imps
  4 troll skeletons
  14 hounds
  2 jellies
  4 big fish
  19 orc priests
  19 orc wizards
  A spider (D:15)
  4 scorpions
  A water moccasin zombie (Lair:8)
  An elf skeleton (Elf:1)
  A giant frog skeleton (D:6)
  9 iguanas
  A hippogriff simulacrum (D:13)
  17 worker ants
  2 quasits
  A mottled dragon zombie (D:15)
  An ogre skeleton (D:9)
  A mottled dragon skeleton (D:14)
  18 sheep
  3 boggarts (D:15)
  A jackal zombie (Lair:8)
  5 gnolls
  22 adders
  2 giant centipedes
  A giant mite (Lair:5)
  61 green rats
  2 worms
  An orc zombie (D:12)
  10 giant geckos
  161 orcs
  16 bats
  A bat skeleton (D:4)
  4 giant cockroaches
  18 hobgoblins
  20 jackals
  13 kobolds
  16 quokkas
  4 ball pythons
  3 giant newts
  2 giant spores (D:12)
  21 goblins
  A hobgoblin skeleton (D:4)
  A kobold skeleton (D:8)
  2 quokka skeletons (D:7)
  13 rats
  A rat skeleton (D:6)
  4 ballistomycetes (D:12)
  2 crawling corpses (Elf:1)
  5 fungi
  3 plants
1044 creatures vanquished.

Vanquished Creatures (collateral kills)
  Nikola (Swamp:4)
  Gastronok (D:8)
  The ghost of timbw the Severer, a powerful DDFi of Makhleb (Lair:4)
  7 hydras
  An alligator (Swamp:2)
  The ghost of cedor the Cleaver, a powerful FoFi of Lugonu (D:9)
  3 orc knights (Orc:4)
  4 orc sorcerers
  An oklob plant (Lair:8)
  A cyclops (D:15)
  4 elephants
  5 black mambas
  7 spiny frogs
  A feature mimic (D:14)
  A hellwing (Orc:4)
  A fire drake (Lair:8)
  2 komodo dragons
  A giant leech (Swamp:2)
  A polar bear (Lair:6)
  Sonja (D:13)
  A griffon zombie (D:14)
  7 blink frogs
  6 slime creatures
  A boulder beetle (Lair:8)
  2 baby alligators (Swamp:3)
  A redback (Elf:1)
  11 yaks
  3 deep elf magi (Elf:1)
  3 water elementals (D:15)
  4 ugly things
  An elephant slug (Lair:6)
  2 hippogriffs
  3 deep elf fighters (Elf:1)
  9 swamp worms
  A manticore (D:9)
  3 vampire mosquitoes (Swamp:4)
  3 wolves
  10 orc warriors
  12 soldier ants (Lair:2)
  An ice beast (D:13)
  A sky beast (D:9)
  4 porcupines
  A giant goldfish (Swamp:1)
  A jelly (D:9)
  4 ogres
  A phantom (D:7)
  A warg (Lair:8)
  A boring beetle (Lair:8)
  A giant slug (Lair:4)
  A yaktaur zombie (D:15)
  5 crocodiles
  7 water moccasins
  A cyclops zombie (D:13)
  4 agate snails
  2 giant frogs (Lair:6)
  13 insubstantial wisps (Swamp:4)
  7 killer bees
  A yak skeleton (Orc:4)
  A centaur zombie (D:10)
  6 electric eels
  A giant frog zombie (D:13)
  2 crimson imps
  2 goliath beetles
  5 orc priests
  A giant frog skeleton (D:13)
  3 orc wizards
  4 big fish
  3 hounds
  2 iguanas
  9 worker ants (Lair:2)
  A killer bee zombie (D:10)
  4 sheep
  3 adders
  3 gnolls (D:10)
  16 green rats
  A giant mite (Lair:3)
  A white imp (Lair:2)
  3 worms
  A giant gecko (D:4)
  44 orcs
  A ball python (Lair:6)
  A giant cockroach (D:7)
  2 hobgoblins
  7 jackals
  A kobold (D:14)
  3 quokkas
  A bat (Lair:3)
  A gnoll zombie (D:8)
  3 goblins
  An orc zombie (Orc:4)
  2 rats
  3 rat skeletons (Orc:4)
  A crawling corpse (Elf:1)
  A fungus (Lair:5)
  5 plants
334 creatures vanquished.

Vanquished Creatures (others)
  The ghost of Ololoev the Eclecticist, a mighty DECj of Vehumet (Swamp:4)
  A balrug (Swamp:4)
  A green death (Lair:8)
  3 deep elf knights (Elf:1)
  An orange demon (D:15)
  A deep elf summoner (Elf:1)
  A death yak zombie (Lair:8)
  3 smoke demons
  3 hellwings
  2 hydra zombies
  A hydra skeleton (Swamp:3)
  2 ugly things (Swamp:4)
  An ettin zombie (Orc:4)
  3 ynoxinuls
  3 ugly thing zombies (Swamp:4)
  A yak (shapeshifter) (Elf:1)
  A chaos spawn (Elf:1)
  A giant leech zombie (Swamp:1)
  2 black mamba zombies (Lair:6)
  2 hill giant zombies
  5 neqoxecs
  13 shadows
  3 deep elf fighters (Elf:1)
  An agate snail zombie (Lair:8)
  2 baby alligator zombies (Swamp:3)
  4 spiny frog zombies
  A spiny frog skeleton (Lair:6)
  3 elf skeletons
  A human zombie (D:13)
  8 blink frog skeletons
  2 elephant zombies
  4 blink frog zombies
  3 elephant skeletons
  An insubstantial wisp (Swamp:4)
  A cyclops zombie (D:11)
  A hippogriff zombie (Lair:7)
  A giant goldfish zombie (D:15)
  A manticore skeleton (D:10)
  9 yak zombies
  A shark zombie (D:15)
  A troll skeleton (D:9)
  A giant goldfish skeleton (Swamp:2)
  A polar bear skeleton (Lair:6)
  2 wolf zombies
  3 yak skeletons
  6 soldier ant zombies
  A boring beetle zombie (Lair:8)
  2 water moccasin zombies
  4 centaur skeletons
  7 elf zombies (Elf:1)
  A centaur zombie (D:15)
  3 wolf skeletons
  4 giant frog skeletons
  A quasit (Lair:8)
  3 basilisk zombies
  A crimson imp (Lair:8)
  3 water moccasin skeletons
  2 orc priests (Orc:4)
  2 orc wizards
  A warg zombie (Lair:8)
  A warg skeleton (Orc:4)
  3 porcupine skeletons
  6 killer bee zombies
  2 crocodile zombies (D:9)
  A crocodile skeleton (Lair:5)
  2 human skeletons (D:4)
  An ogre skeleton (Orc:4)
  3 hound zombies (Lair:8)
  3 hound skeletons
  A big fish zombie (D:15)
  2 lemures (Lair:8)
  6 worker ant zombies
  2 big fish skeletons
  A shadow imp (Lair:2)
  7 ufetubi (D:9)
  An electric eel skeleton (Swamp:3)
  4 adder skeletons
  4 iguana skeletons
  2 sheep skeletons
  2 orcs
  5 bat skeletons
  3 ball python zombies (Lair:6)
  3 giant gecko skeletons
  A giant newt skeleton (D:4)
  A gnoll skeleton (D:8)
  2 goblin skeletons
  A goblin zombie (Orc:1)
  15 green rat zombies
  5 hobgoblin skeletons
  2 hobgoblin zombies (Orc:4)
  2 jackal skeletons (D:3)
  5 jackal zombies (Lair:8)
  A kobold skeleton (D:6)
  23 orc skeletons
  69 orc zombies
  A quokka skeleton (Lair:2)
  A rat (D:2)
  7 rat skeletons
  A rat zombie (Lair:5)
  3 fungi (Lair:8)
  5 plants
358 creatures vanquished.

Grand Total: 1736 creatures vanquished

Notes
Turn   | Place    | Note
--------------------------------------------------------------
     0 | D:1      | Psiweapon, the Deep Dwarf Necromancer, began the quest for the Orb.
     0 | D:1      | Reached XP level 1. HP: 15/15 MP: 3/3
   434 | D:1      | Reached XP level 2. HP: 14/22 MP: 0/4
   930 | D:2      | Reached skill level 5 in Necromancy
   930 | D:2      | Reached XP level 3. HP: 8/28 MP: 0/5
   937 | D:2      | Learned a level 3 spell: Vampiric Draining
  1795 | D:2      | Reached XP level 4. HP: 19/36 MP: 0/7
  1867 | D:2      | Learned a level 1 spell: Animate Skeleton
  1875 | D:2      | Found a radiant altar of Vehumet.
  2671 | D:5      | Entered Level 5 of the Dungeon
  3131 | D:3      | Reached skill level 6 in Necromancy
  3481 | D:3      | Reached XP level 5. HP: 23/42 MP: 1/8
  3678 | D:4      | Reached skill level 5 in Stealth
  4280 | D:4      | Noticed Grinder
  4286 | D:4      | You fall through a shaft!
  4367 | D:5      | Noticed an ogre
  4378 | D:5      | Killed an ogre
  4378 | D:5      | Reached skill level 1 in Armour
  4378 | D:5      | Reached skill level 1 in Shields
  4378 | D:5      | Reached XP level 6. HP: 43/49 MP: 8/10
  4789 | D:4      | Noticed a slave
  4789 | D:4      | Noticed a slave
  4789 | D:4      | Noticed Menkaure
  4934 | D:5      | Noticed an orc warrior
  5005 | D:5      | Killed an orc warrior
  5273 | D:6      | Noticed an ogre
  5279 | D:6      | Killed an ogre
  5279 | D:6      | Reached XP level 7. HP: 40/55 MP: 9/12
  5348 | D:6      | Learned a level 4 spell: Control Undead
  5486 | D:6      | Noticed a centaur
  5499 | D:6      | Killed a centaur
  5594 | D:6      | Noticed a wizard statue
  5885 | D:6      | Found a staircase to the Ecumenical Temple.
  5895 | Temple   | Entered the Ecumenical Temple
  5952 | Temple   | Became a worshipper of Makhleb the Destroyer
  6290 | D:7      | Reached XP level 8. HP: 46/62 MP: 12/16
  6385 | D:7      | Reached skill level 7 in Stealth
  6580 | D:7      | Noticed a troll
  6599 | D:7      | Killed a troll
  6937 | D:8      | Acquired Makhleb's first power
  6998 | D:8      | Reached skill level 5 in Shields
  7007 | D:8      | Reached skill level 5 in Armour
  7029 | D:8      | Reached skill level 8 in Stealth
  7404 | D:8      | Acquired Makhleb's second power
  7419 | D:8      | Noticed Gastronok
  7479 | D:8      | Killed a staircase mimic
  7479 | D:8      | Reached skill level 1 in Fighting
  7479 | D:8      | Reached skill level 1 in Maces & Flails
  7479 | D:8      | Gained mutation: You passively map the area around you. [level up]
  7479 | D:8      | Reached XP level 9. HP: 49/69 MP: 19/19
  7700 | D:10     | Entered Level 10 of the Dungeon
  7958 | D:10     | Reached skill level 9 in Stealth
  8135 | D:10     | Acquired Makhleb's third power
  8135 | D:10     | Reached skill level 5 in Spellcasting
  8222 | D:10     | Identified a scroll of acquirement
  8416 | D:10     | Found a shattered altar of Ashenzari.
  8490 | D:10     | Killed an unseen horror
  8822 | D:9      | Reached XP level 10. HP: 58/80 MP: 9/22
  8945 | D:9      | Noticed cedor's ghost (powerful FoFi)
  8955 | D:9      | Reached skill level 10 in Stealth
  8991 | D:9      | Reached skill level 5 in Maces & Flails
  9033 | D:9      | Found a staircase to the Lair.
  9042 | Lair:1   | Entered Level 1 of the Lair of Beasts
  9045 | Lair:1   | Reached skill level 1 in Invocations
  9897 | Lair:1   | Reached skill level 5 in Fighting
  9952 | Lair:1   | Reached skill level 11 in Stealth
 10609 | Lair:2   | Gained mutation: You have a fast metabolism. [potion of mutation]
 10609 | Lair:2   | Gained mutation: You are surrounded by a mild repulsion field (EV +2). [potion of mutation]
 10609 | Lair:2   | Lost mutation: You have a fast metabolism. [potion of mutation]
 10846 | Lair:2   | Reached XP level 11. HP: 73/90 MP: 17/24
 10894 | Lair:2   | Noticed miro's ghost (powerful DEWz)
 10931 | Lair:2   | Reached skill level 5 in Invocations
 11106 | Lair:2   | Killed miro's ghost
 11366 | Lair:2   | Learned a level 4 spell: Animate Dead
 11384 | Lair:2   | Acquired Makhleb's fourth power
 11449 | Lair:2   | Reached skill level 12 in Stealth
 12714 | D:4      | Menkaure (ally) was killed
 12714 | D:4      | Your ally died
 12716 | D:4      | Noticed a slave
 12720 | D:4      | Killed a slave
 12724 | D:4      | Killed a slave
 12762 | D:4      | Killed a slave
 12865 | D:4      | Noticed Pikel
 12884 | D:4      | Noticed a slave
 12895 | D:4      | Killed Pikel
 12924 | D:4      | Killed Grinder
 13330 | D:8      | Killed Gastronok
 13352 | D:9      | Killed cedor's ghost
 13537 | D:9      | Reached skill level 5 in Dodging
 13817 | D:9      | Reached XP level 12. HP: 89/100 MP: 21/25
 13996 | D:9      | Acquired Makhleb's fifth power
 14214 | D:9      | Found a staircase to the Orcish Mines.
 14608 | D:10     | Reached skill level 13 in Stealth
 16865 | Lair:3   | Found a staircase to the Swamp.
 17210 | Lair:4   | Reached skill level 10 in Invocations
 17242 | Lair:4   | Noticed timbw's ghost (powerful DDFi)
 17300 | Lair:4   | Reached skill level 14 in Stealth
 17404 | Lair:4   | Killed timbw's ghost
 18213 | Lair:5   | Noticed Harold
 18633 | D:12     | Tedronai: good to see your Gr made it :)
 18903 | D:12     | Reached XP level 13. HP: 82/110 MP: 20/27
 18919 | D:12     | Reached skill level 1 in Short Blades
 19165 | D:12     | Noticed Duskembrace's ghost (powerful TrMo)
 19193 | D:12     | Killed Duskembrace's ghost
 20218 | Lair:5   | Killed Harold
 20326 | Lair:4   | Psiweapon: hey there anon
 20850 | Lair:5   | Noticed a seven-headed hydra
 20859 | Lair:5   | Killed a seven-headed hydra
 21046 | Lair:5   | Identified a +0 rod of fiery destruction (11/11) (You found it on level 5 of the Lair of Beasts)
 21348 | Lair:2   | Learned a level 2 spell: Sublimation of Blood
 21353 | Lair:2   | Learned a level 4 spell: Alistair's Intoxication
 21764 | Lair:6   | Found a staircase to the Slime Pits.
 22032 | Lair:6   | Found a staircase to the Snake Pit.
 22320 | Lair:6   | Reached skill level 15 in Stealth
 23906 | Lair:7   | Reached skill level 10 in Necromancy
 24408 | Lair:8   | Entered Level 8 of the Lair of Beasts
 24744 | Lair:2   | Learned a level 3 spell: Mephitic Cloud
 25108 | Lair:8   | Reached skill level 1 in Transmutations
 25126 | Lair:8   | Reached skill level 5 in Short Blades
 25298 | Lair:8   | Gained mutation: You resist negative energy. [level up]
 25298 | Lair:8   | Reached XP level 14. HP: 85/118 MP: 29/29
 25365 | Lair:8   | Got a slimy bronze ring
 25366 | Lair:8   | Identified the ring of Jeaps {rF+ rC- Stlth++} (You found it on level 8 of the Lair of Beasts)
 25468 | Lair:8   | Found a shattered altar of Ashenzari.
 26425 | Lair:8   | Identified a +2 rod of warding (14/14) (You found it on level 8 of the Lair of Beasts)
 26597 | Lair:8   | Psiweapon: up
 26597 | Lair:8   | Psiweapon: sup
 26715 | Lair:8   | Upgraded the game from 0.14-a0-1076-gee4852e to 0.14-a0-1097-gc7db7fc
 27518 | Swamp:1  | Entered Level 1 of the Swamp
 27557 | Swamp:1  | Reached skill level 16 in Stealth
 28071 | D:13     | Noticed Josephine
 28078 | D:13     | Killed Josephine
 28625 | D:13     | Your ally Josephine died
 28648 | D:13     | Noticed Sonja
 28670 | D:13     | Killed Sonja
 28691 | D:13     | Got a wavering graven amulet
 28769 | D:13     | Identified the amulet "Ocaymn" {Gourm +Rage rF+ Dam+1} (You found it on level 13 of the Dungeon)
 28808 | D:13     | Noticed Nessos
 28981 | D:14     | Noticed Fannar
 28990 | D:14     | Killed Fannar
 29010 | D:14     | Noticed Urug
 29016 | D:14     | Killed Urug
 29092 | D:14     | Your ally Fannar died
 30129 | Orc:1    | Entered Level 1 of the Orcish Mines
 30826 | Orc:2    | Found a shimmering altar of Xom.
 31795 | Orc:2    | Found a roughly hewn altar of Beogh.
 32584 | Orc:3    | Paralysed by an orc sorcerer for 7 turns
 32804 | Orc:3    | Noticed Joseph
 32815 | Orc:3    | Killed Joseph
 32861 | Orc:4    | Entered Level 4 of the Orcish Mines
 33187 | Orc:4    | Noticed Erica
 33193 | Orc:4    | Noticed Erica
 33193 | Orc:4    | Erica changed into Erica the elf
 33201 | Orc:4    | Killed Erica the elf
 33974 | Orc:4    | Found a staircase to the Elven Halls.
 34175 | Orc:4    | Noticed a balrug
 34284 | Elf:1    | Entered Level 1 of the Elven Halls
 34286 | Elf:1    | Reached skill level 5 in Transmutations
 34293 | Elf:1    | Gained mutation: Your mind is acute. (Int +2) [mutagenic meat]
 34294 | Elf:1    | Gained mutation: You have a slow metabolism. [mutagenic meat]
 34295 | Elf:1    | Gained mutation: You have a pair of small horns on your head. [mutagenic meat]
 34658 | Orc:4    | Reached XP level 15. HP: 86/124 MP: 21/30
 34670 | Orc:4    | Found Ihanlaz's Jewellery Boutique.
 34670 | Orc:4    | Found Chiuthre's Weapon Emporium.
 34671 | Orc:4    | Found Urphiusa's Magic Scroll Boutique.
 34734 | Orc:4    | Found Gach's General Store.
 35380 | D:15     | Entered Level 15 of the Dungeon
 36000 | D:15     | Reached skill level 17 in Stealth
 36663 | D:16     | Entered Level 16 of the Dungeon
 37368 | Elf:1    | Noticed a deep elf sorcerer
 37377 | Elf:1    | Killed a deep elf sorcerer
 37536 | Elf:1    | Found Toir's Assorted Antiques.
 38463 | Orc:4    | Bought a scroll of identify for 28 gold pieces
 38473 | Orc:4    | Bought a scroll of blinking for 77 gold pieces
 38473 | Orc:4    | Bought a scroll of blinking for 77 gold pieces
 38476 | Orc:4    | Bought a scroll of acquirement for 728 gold pieces
 38696 | Elf:1    | Bought an iron ring for 575 gold pieces
 38781 | Orc:4    | Bought a scroll of identify for 28 gold pieces
 40610 | Swamp:3  | Noticed Snorg
 40800 | Swamp:3  | Reached skill level 1 in Long Blades
 40932 | Swamp:3  | Reached skill level 1 in Evocations
 41641 | Swamp:3  | Reached skill level 18 in Stealth
 41680 | Swamp:3  | Killed Snorg
 42072 | Swamp:4  | Noticed Nikola
 42088 | Swamp:4  | Killed Nikola
 42088 | Swamp:4  | Reached skill level 5 in Long Blades
 42175 | Swamp:4  | Noticed Ololoev's ghost (mighty DECj)
 42352 | Swamp:4  | Got a flickering platinum amulet
 42353 | Swamp:4  | Identified the amulet "Othruoza" {rCorr rN+} (You acquired it on level 4 of the Swamp)
 42377 | Swamp:4  | Reached XP level 16. HP: 96/132 MP: 19/32
 42415 | Swamp:4  | Reached skill level 5 in Evocations
 42515 | Swamp:4  | Killed Ololoev's ghost
 42824 | Swamp:4  | Demolished by a titanic slime creature

Action                   |  1- 3 |  4- 6 |  7- 9 | 10-12 | 13-15 | 16-18 || total
-------------------------+-------+-------+-------+-------+-------+-------++-------
Melee: Short sword       |    44 |    90 |       |       |       |       ||   134
       Hand axe          |    11 |       |       |       |       |       ||    11
       Whip              |       |    24 |   318 |   841 |   394 |       ||  1577
       War axe           |       |       |     7 |       |       |       ||     7
       Dagger            |       |       |       |    59 |   868 |    11 ||   938
       Flail             |       |       |       |       |   292 |    29 ||   321
       Long sword        |       |       |       |       |    53 |    95 ||   148
       Sabre             |       |       |       |       |    51 |       ||    51
Throw: Dart              |     3 |       |       |       |       |       ||     3
       Stone             |     8 |       |       |       |       |       ||     8
       Tomahawk          |       |     4 |     1 |     1 |     3 |       ||     9
 Cast: Pain              |    38 |    18 |    28 |    22 |    42 |       ||   148
       Vampiric Draining |     7 |    26 |    61 |   192 |   485 |    14 ||   785
       Animate Skeleton  |       |    28 |    22 |    51 |    76 |       ||   177
       Control Undead    |       |       |     5 |    38 |    13 |     4 ||    60
       Animate Dead      |       |       |       |    23 |    75 |     2 ||   100
       Sublimation of Bl |       |       |       |       |    14 |       ||    14
       Mephitic Cloud    |       |       |       |       |     1 |       ||     1
Invok: Minor Destruction |       |       |       |    70 |    39 |     2 ||   111
       Lesser Servant of |       |       |       |    12 |    25 |     2 ||    39
       Major Destruction |       |       |       |    27 |   199 |     6 ||   232
       Greater Servant o |       |       |       |       |     8 |       ||     8
Evoke: Wand              |       |     2 |    17 |    25 |    55 |       ||    99
       Rod               |       |       |       |       |    14 |       ||    14
       sack of spiders   |       |       |       |       |     2 |       ||     2
       lamp of fire      |       |       |       |       |     1 |       ||     1
       phial of floods   |       |       |       |       |     1 |       ||     1
  Use: Scroll            |       |     9 |    15 |    16 |    37 |       ||    77
       Potion            |       |     1 |     2 |     3 |     5 |       ||    11
 Stab: Sleeping          |     1 |     9 |     6 |    34 |    59 |       ||   109
       Distracted        |       |       |       |     4 |    26 |       ||    30
